 Dungeon Crawl Stone Soup version 0.26.1-11-gd32895ea62 (webtiles) character file.

Game seed: 7321296601166685239

2517 Zeld the Magician (level 9, -3/66 HPs)
             Began as a Gnoll Air Elementalist on June 8, 2021.
             Was a Follower of Sif Muna.
             Shot with a sling bullet by Joseph (16 damage)
             ... on level 7 of the Dungeon.
             The game lasted 00:14:15 (14255 turns).

Zeld the Magician (Gnoll Air Elementalist)         Turns: 14255, Time: 00:14:16

Health: -3/66      AC:  8    Str: 10    XL:     9   Next: 54%
Magic:  2/19       EV: 16    Int: 21    God:    Sif Muna [*.....]
Gold:   490        SH:  0    Dex: 16    Spells: 6/21 levels left

rFire    . . .     SeeInvis .   a - +3 quarterstaff (chaos)
rCold    . . .     Faith    .   (shield currently unavailable)
rNeg     . . .     Spirit   .   k - +0 robe
rPois    .         Reflect  .   (no helmet)
rElec    .         Harm     .   u - +1 cloak
rCorr    .         Rampage  .   m - +0 pair of gloves
Will     .....                  o - +2 pair of boots
Stlth    +++.......             (no amulet)
HPRegen  0.21/turn              (no ring)
MPRegen  0.16/turn              (no ring)

@: no status effects
A: distributed training, fangs 1, strong nose
a: Renounce Religion, Channel Magic


You were on level 7 of the Dungeon.
You worshipped Sif Muna.
Sif Muna was aware of your devotion.
You visited 2 branches of the dungeon, and saw 9 of its levels.
You also visited: Ossuary.

You collected 490 gold pieces.

Inventory:

Hand Weapons
 a - a +3 quarterstaff of chaos (weapon)
Armour
 k - a +0 robe (worn)
 m - a +0 pair of gloves (worn)
 n - a +0 buckler
 o - a +2 pair of boots (worn)
 u - a +1 cloak (worn)
Jewellery
 c - an uncursed ring of fire {unknown}
Wands
 l - a wand of acid (14)
 v - a wand of paralysis (5)
Scrolls
 d - a scroll of blinking
 e - a scroll of enchant weapon {unknown}
 f - 9 scrolls of remove curse
 g - 8 scrolls of teleportation
 t - a scroll of magic mapping
Potions
 b - 6 potions of curing
 h - 4 potions of might {unknown}
 i - 2 potions of flight {unknown}
 j - 4 potions of degeneration {unknown}
 p - 3 potions of brilliance {unknown}
 q - 5 potions of resistance {unknown}
 s - 2 potions of heal wounds {unknown}


   Skills:
 + Level 4.3 Fighting
 + Level 4.3 Short Blades
 + Level 4.3 Long Blades
 + Level 4.3 Axes
 + Level 4.3 Maces & Flails
 + Level 4.3 Polearms
 + Level 4.3 Staves
 + Level 4.3 Slings
 + Level 4.3 Bows
 + Level 4.3 Crossbows
 + Level 4.3 Throwing
 + Level 4.3 Armour
 + Level 6.4 Dodging
 + Level 6.1 Stealth
 + Level 4.3 Shields
 + Level 4.3 Unarmed Combat
 + Level 6.7 Spellcasting
 + Level 4.2 Conjurations
 + Level 3.5 Hexes
 + Level 3.5 Summonings
 + Level 3.5 Necromancy
 + Level 3.5 Translocations
 + Level 3.5 Transmutations
 + Level 3.5 Fire Magic
 + Level 3.5 Ice Magic
 + Level 6.6 Air Magic
 + Level 3.5 Earth Magic
 + Level 3.5 Poison Magic
 + Level 4.8 Invocations
 + Level 4.3 Evocations


You had 6 spell levels left.
You knew the following spells:

 Your Spells              Type           Power        Failure   Level
a - Shock                 Conj/Air       100%         1%          1
b - Swiftness             Air            34%          1%          2
c - Static Discharge      Conj/Air       29%          3%          3
d - Airstrike             Air            17%          6%          4
e - Lightning Bolt        Conj/Air       14%          26%         5

Your spell library contained the following spells:

 Spells                   Type           Power        Failure   Level
 Animate Skeleton         Necr           44%          1%          1
 Apportation              Tloc           44%          1%          1
 Corona                   Hex            24%          1%          1
 Summon Small Mammal      Summ           88%          1%          1


Dungeon Overview and Level Annotations

Branches:
Dungeon (8/15)             Temple (1/1) D:4         Ossuary (visited)
   Lair: D:8-11

Altars:
Ashenzari
Cheibriados
Dithmenos
Elyvilon
Fedhas
Gozag
Hepliaklqana
Kikubaaqudgha
Makhleb
Nemelex Xobeh
Okawaru
Qazlal
Ru
Sif Muna
Trog
Uskayaw
Vehumet
Wu Jian
Xom
Yredelemnul
Zin
The Shining One
Beogh

Annotations:
D:6 2 transporters, Zeld's ghost, novice HOMo
D:7 Joseph


Innate Abilities, Weirdness & Mutations

Your experience applies equally to all skills.
You have very sharp teeth.
Your uncanny sense of smell can sniff out nearby items.


Message History

Casting: Shock (safe; 1% risk of failure)
Confirm with . or Enter, or press ? or * to list all spells.
You don't have enough magic to cast that spell.
Unknown command.
You closely miss Joseph.
Joseph is severely wounded.
Joseph hits you with a +0 quarterstaff!
You are too injured to fight recklessly!
You are too injured to fight recklessly!
You are too injured to fight recklessly!
You sock Joseph!
Joseph is poisoned.
Joseph is severely wounded.
Joseph hits you with a +0 quarterstaff.
Joseph unwields a +0 quarterstaff.
Joseph wields a +0 hunting sling.
Joseph shoots a sling bullet.
The sling bullet hits you!
* * * LOW HITPOINT WARNING * * *
You see here a sling bullet.
Your magical contamination has completely faded away.
Joseph shoots a sling bullet.
The sling bullet hits you!
You die...

#..# #.##.##.# # #..#
#.##.##.# # #..# #....##.#
# #..# ####.##.#### ####
#..######.@.....# #...
#......##.##.##># #.##
#.####.##.##(##.######.#
#.###...#.##.........#.#
#.......@....##.####.#.#
#####...#.##.##........#
########.##.......####.###
##.#.#.#.#.#.##.##.# #.#
#.#.#.#.#.#.###.##.####.#
###.#.#.#.#.#.##.........#
#..#.#.#.#.#.######.######
#.#.#.#.#.#.#.....#.#
#..#.#.#.#.#.#.##.#.#


You could see Joseph (poisoned).

Vanquished Creatures
  Grinder (D:5)
  A wyvern (D:7)
  An ice beast (D:6)
  A phantom (D:4)
  3 sky beasts
  2 centaurs
  4 bullfrogs
  3 water moccasin zombies (Ossuary)
  A scorpion (D:7)
  2 jellies (D:5)
  2 howler monkeys
  A crimson imp (D:3)
  2 bullfrog zombies
  Crazy Yiuf (D:7)
  A hound (D:5)
  3 orc wizards (D:5)
  2 orc priests
  A centaur skeleton (D:6)
  7 worker ants
  An iguana (D:4)
  2 big kobold zombies (Ossuary)
  2 mummies (Ossuary)
  10 adders
  3 gnolls (D:2)
  A shadow imp (D:7)
  3 white imps
  3 oozes
  5 ufetubi
  6 adder zombies (Ossuary)
  A worm (D:2)
  4 dart slugs
  7 leopard geckos
  27 orcs
  5 giant cockroaches
  A gnoll zombie (Ossuary)
  5 goblins
  5 hobgoblins
  8 jackals
  4 quokkas
  5 bats
  7 frilled lizards
  5 hobgoblin zombies (Ossuary)
  2 kobolds (D:1)
  2 kobold zombies (Ossuary)
  7 orc zombies (Ossuary)
  6 rats
176 creatures vanquished.

Notes
Turn   | Place    | Note
-------+----------+-------------------------------------------
     0 | D:1      | Zeld the Gnoll Air Elementalist began the quest for the
                  | Orb.
     0 | D:1      | Reached XP level 1. HP: 13/13 MP: 6/6
   146 | D:1      | Reached XP level 2. HP: 19/19 MP: 2/7
   510 | D:1      | Reached XP level 3. HP: 25/25 MP: 5/9
   513 | D:1      | Learned a level 2 spell: Swiftness
   517 | D:1      | Learned a level 3 spell: Static Discharge
   551 | D:1      | Reached skill level 5 in Spellcasting
   995 | D:2      | Reached skill level 1 in Invocations
   999 | D:2      | Reached skill level 1 in Fighting
   999 | D:2      | Reached skill level 1 in Short Blades
   999 | D:2      | Reached skill level 1 in Long Blades
   999 | D:2      | Reached skill level 1 in Axes
   999 | D:2      | Reached skill level 1 in Maces & Flails
   999 | D:2      | Reached skill level 1 in Polearms
   999 | D:2      | Reached skill level 1 in Staves
   999 | D:2      | Reached skill level 1 in Slings
   999 | D:2      | Reached skill level 1 in Bows
   999 | D:2      | Reached skill level 1 in Crossbows
   999 | D:2      | Reached skill level 1 in Throwing
   999 | D:2      | Reached skill level 1 in Armour
   999 | D:2      | Reached skill level 1 in Shields
   999 | D:2      | Reached skill level 1 in Unarmed Combat
   999 | D:2      | Reached skill level 1 in Evocations
  1417 | D:2      | Reached XP level 4. HP: 32/32 MP: 6/11
  1487 | D:2      | Learned a level 4 spell: Airstrike
  1751 | D:2      | Reached skill level 1 in Hexes
  1751 | D:2      | Reached skill level 1 in Summonings
  1751 | D:2      | Reached skill level 1 in Necromancy
  1751 | D:2      | Reached skill level 1 in Translocations
  1751 | D:2      | Reached skill level 1 in Transmutations
  1751 | D:2      | Reached skill level 1 in Fire Magic
  1751 | D:2      | Reached skill level 1 in Ice Magic
  1751 | D:2      | Reached skill level 1 in Earth Magic
  1751 | D:2      | Reached skill level 1 in Poison Magic
  2078 | D:2      | Found a shadowy altar of Dithmenos.
  2616 | D:3      | Reached XP level 5. HP: 37/37 MP: 9/12
  3387 | D:3      | Found a shimmering altar of Xom.
  3387 | D:3      | Found a burning altar of Makhleb.
  3947 | D:4      | Reached XP level 6. HP: 40/44 MP: 7/13
  3953 | D:4      | Learned a level 5 spell: Lightning Bolt
  4085 | D:4      | Noticed a phantom
  4089 | D:4      | Found a sand-covered staircase.
  4098 | Ossuary  | Entered an ossuary
  4412 | Ossuary  | Reached skill level 5 in Dodging
  4768 | Ossuary  | Reached XP level 7. HP: 46/50 MP: 6/15
  5424 | D:4      | Found a snail-covered altar of Cheibriados.
  5719 | D:4      | Found a staircase to the Ecumenical Temple.
  5926 | Temple   | Entered the Ecumenical Temple
  5990 | Temple   | Became a worshipper of Sif Muna the Loreminder
  6055 | D:5      | Entered Level 5 of the Dungeon
  6065 | D:5      | Reached skill level 5 in Stealth
  6162 | D:5      | Noticed Grinder
  6793 | D:5      | Paralysed by Grinder for 4 turns
  6950 | D:5      | Paralysed by Grinder for 3 turns
  7362 | D:5      | Killed Grinder
  7363 | D:5      | Reached XP level 8. HP: 58/58 MP: 1/16
  8250 | D:5      | Found an opulent altar of Gozag.
  8472 | D:5      | Found a sacrificial altar of Ru.
  8478 | D:5      | Found a runed translucent door.
  8996 | D:5      | Found a glowing golden altar of the Shining One.
  9283 | D:5      | Found an ornate altar of the Wu Jian Council.
 10427 | D:5      | Found a roughly hewn altar of Beogh.
 11067 | D:6      | Noticed a vampire
 11134 | D:6      | Reached * piety under Sif Muna
 11177 | D:6      | Reached XP level 9. HP: 36/65 MP: 8/18
 11453 | D:6      | Found a transporter.
 11464 | D:6      | Found a transporter.
 11464 | D:6      | Noticed Zeld's ghost (novice HOMo)
 11956 | D:7      | Found a shadowy altar of Dithmenos.
 13338 | D:7      | Found a runed translucent door.
 13339 | D:7      | Noticed Crazy Yiuf
 13495 | D:7      | Killed Crazy Yiuf
 13856 | D:8      | Noticed Joseph
 14255 | D:7      | Shot with a sling bullet by Joseph

Illustrated notes

Levels and vault maps discovered:
D:1:      dpeg_arrival_concentric_ovals, layout_basic
D:2:      layout_basic, grunt_dithmenos_smoke
D:3:      layout_basic, grunt_temple_overflow_champion_of_chaos,
          corexii_corridor_pit, nrook_mini_backslash, minivault_4
D:4:      layout_loops_ring, cheibriados_altar_1, temple_doors_cd,
          lightli_ossuary_entry_decrepit_ruins
D:5:      layout_loops_corners, kennysheep_mini,
          nicolae_gozag_cash_rules_everything_around_me, old_standard_altar,
          pdpol_wu_jian_five_deadly_venoms, lightli_church_of_beogh,
          uniq_grinder
D:6:      layout_rooms, gammafunk_ghost_mausoleum
D:7:      layout_loops_ring, lemuel_doored_altar, minivault_23,
          uniq_crazy_yiuf_cottage
D:8:      kennysheep_blocky_hall, layout_basic, serial_shops, shop_scrolls,
          minmay_misc_feat_diagonals, uniq_joseph
Temple:   zaba_magenta_temple

Skill      XL: |  1  2  3  4  5  6  7  8  9 |
---------------+----------------------------+-----
Conjurations   | 2 3 4 |  4.2
Spellcasting   | 5 6 |  6.7
Invocations    | 1 2 3 4 |  4.8
Fighting       | 1 2 3 4 |  4.3
Short Blades   | 1 2 3 4 |  4.3
Long Blades    | 1 2 3 4 |  4.3
Axes           | 1 2 3 4 |  4.3
Maces & Flails | 1 2 3 4 |  4.3
Polearms       | 1 2 3 4 |  4.3
Staves         | 1 2 3 4 |  4.3
Slings         | 1 2 3 4 |  4.3
Bows           | 1 2 3 4 |  4.3
Crossbows      | 1 2 3 4 |  4.3
Throwing       | 1 2 3 4 |  4.3
Armour         | 1 2 3 4 |  4.3
Shields        | 1 2 3 4 |  4.3
Unarmed Combat | 1 2 3 4 |  4.3
Evocations     | 1 2 3 4 |  4.3
Hexes          | 1 2 3 |  3.5
Summonings     | 1 2 3 |  3.5
Necromancy     | 1 2 3 |  3.5
Translocations | 1 2 3 |  3.5
Transmutations | 1 2 3 |  3.5
Fire Magic     | 1 2 3 |  3.5
Ice Magic      | 1 2 3 |  3.5
Earth Magic    | 1 2 3 |  3.5
Poison Magic   | 1 2 3 |  3.5
Dodging        | 5 6 |  6.4
Stealth        | 5 6 |  6.1
Air Magic      | 6 |  6.6

Action                   |  1- 3 |  4- 6 |  7- 9 || total
-------------------------+-------+-------+-------++-------
Melee: Unarmed           |    12 |    16 |    64 ||    92
       Bite              |     1 |     3 |     9 ||    13
       Quarterstaff      |       |       |     2 ||     2
 Cast: Shock             |    51 |   170 |   256 ||   477
       Swiftness         |     1 |       |     2 ||     3
       Airstrike         |       |       |    36 ||    36
       Static Discharge  |       |       |     3 ||     3
       Lightning Bolt    |       |       |     3 ||     3
Evoke: Wand              |       |       |     5 ||     5
  Use: Scroll            |       |       |    11 ||    11
 Stab: Paralysed         |       |       |    21 ||    21
Armor: Robe              |     3 |    17 |    39 ||    59
Dodge: Dodged            |    20 |    53 |   136 ||   209
Block: Buckler           |       |       |     9 ||     9
